 Dungeon Crawl Stone Soup version 0.17.1-2-g5865329 (webtiles) character file.

57 PossumBlood the Sneak (level 3, 0/24 HPs)
             Began as a Vampire Enchanter on Jan 26, 2016.
             Slain by a jackal (2 damage)
             ... on level 3 of the Dungeon.
             The game lasted 00:10:59 (2174 turns).

PossumBlood the Sneak (Vampire Enchanter)           Turns: 2174, Time: 00:10:59

Health: 0/24       AC:  4    Str:  7    XL:     3   Next: 73%
Magic:  0/6        EV: 12    Int: 17    God:
Gold:   113        SH:  0    Dex: 15    Spells: 1 memorised, 5 levels left

rFire  . . .     SeeInvis +     a - +1 dagger
rCold  . . .     Clarity  .     b - +2 robe
rNeg   + . .     SustAt   .     (no shield)
rPois  .         Gourm    .     (no helmet)
rElec  .         Spirit   +     (no cloak)
rCorr  .         Warding  .     (no gloves)
rMut   .         Stasis   .     (no boots)
MR     .....                    f - amulet of guardian spirit
Stlth  ++++......               (no ring)
                                (no ring)

@: not resistant to hostile enchantments, stealthy
A: fangs 3, see invisible, unbreathing
a: Bat Form


You were on level 3 of the Dungeon.
You were not thirsty.

You visited 1 branch of the dungeon, and saw 3 of its levels.

You collected 113 gold pieces.

Inventory:

Hand Weapons
 a - a +1 dagger (weapon)
Armour
 b - a +2 robe (worn)
Jewellery
 f - an amulet of guardian spirit (around neck)
Scrolls
 g - a scroll of enchant armour
Potions
 d - 21 potions of blood
 h - a potion of brilliance
 i - 2 potions of lignification
Books
 c - a book of Maledictions

   Spells                             Type                      Level
   a - Corona                         Hexes                        1
   b - Ensorcelled Hibernation        Hexes/Ice                    2
   c - Confuse                        Hexes                        3
   d - Tukima's Dance                 Hexes                        3
   e - Dazzling Spray                 Conjuration/Hexes            3


   Skills:
 - Level 1.1 Short Blades
 - Level 2.1 Dodging
 * Level 7.3 Stealth
 - Level 2.0 Spellcasting
 - Level 4.4 Hexes


You had 5 spell levels left.
You knew the following spells:

 Your Spells              Type           Power        Failure   Level  Hunger
a - Corona                Hex            ###....      3%          1    #......


Dungeon Overview and Level Annotations

Branches:
Dungeon (3/15)

Altars:
Gozag
Nemelex Xobeh
Qazlal
Vehumet


Innate Abilities, Weirdness & Mutations

You have razor-sharp teeth.
You have supernaturally acute eyesight.
You can survive without breathing.


Message History

The goblin barely misses you.
The jackal bites you but does no damage.
The jackal bites you but does no damage.
The jackal bites you.
* * * LOW HITPOINT WARNING * * *
The goblin barely misses you.
The jackal bites you but does no damage.
The jackal bites you but does no damage.
The jackal stops to sniff the ground.
The jackal bites you but does no damage.
The jackal misses you.
The jackal bites you but does no damage.
The jackal barely misses you. The jackal closely misses you.
The jackal closely misses you. The jackal bites you. The jackal bites you.
* * * LOW HITPOINT WARNING * * *
The jackal closely misses you. The jackal bites you.
You die...

...... ....... ..
###.... ..... ...
#...... #.#.####...
#...... #........#
#......###........#
#.......##........# ..
.........r.g......#...
........###hhh....#..$
..........#.@.........
#.....g...##........#.
#.........##..†.......
#.......####..........
#.......# #.<........
#.......####..........
#.........r...........
#.....................
......##..............


You could see 3 jackals, a goblin and a rat.

Vanquished Creatures
  An adder (D:2)
  2 giant geckos (D:1)
  2 ball pythons (D:2)
  4 bats
  3 giant cockroaches
  9 goblins
  A hobgoblin (D:2)
  5 jackals
  8 kobolds
  2 giant newts (D:2)
  8 rats
45 creatures vanquished.

Notes
Turn   | Place    | Note
--------------------------------------------------------------
     0 | D:1      | PossumBlood the Vampire Enchanter began the quest for the Orb.
     0 | D:1      | Reached XP level 1. HP: 13/13 MP: 3/3
    82 | D:1      | Reached skill level 5 in Stealth
   263 | D:1      | Reached XP level 2. HP: 17/19 MP: 5/5
   525 | D:1      | Reached skill level 6 in Stealth
   745 | D:1      | Found a sparkling altar of Nemelex Xobeh.
  1197 | D:2      | Reached XP level 3. HP: 24/24 MP: 6/6
  1199 | D:2      | Found a radiant altar of Vehumet.
  1388 | D:2      | Found a stormy altar of Qazlal.
  1438 | D:2      | Reached skill level 7 in Stealth
  1817 | D:2      | Found a sparkling altar of Nemelex Xobeh.
  1817 | D:2      | Found an opulent altar of Gozag.
  2158 | D:3      | HP: 1/24 [jackal (1)]
  2174 | D:3      | Slain by a jackal

Action                   || total
-------------------------++-------
Melee: Dagger            ||   148
  Use: Potion            ||     4
       Scroll            ||     4
 Stab: Sleeping          ||    14
